 Dungeon Crawl Stone Soup version 0.17-a0-2093-gc772f4b (webtiles) character file.

101 daawg the Ruffian (level 4, -4/45 HPs)
             Began as a Troll Berserker on Oct 16, 2015.
             Was a Believer of Trog.
             Slain by a black bear (5 damage)
             ... on level 3 of the Dungeon.
             The game lasted 00:15:45 (1326 turns).

daawg the Ruffian (Troll Berserker)                 Turns: 1326, Time: 00:15:46

Health: -4/45      AC:  5    Str: 25    XL:     4   Next: 48%
Magic:  3/3        EV: 10    Int:  3    God:    Trog [**....]
Gold:   87         SH:  0    Dex: 10    Spells: 0 memorised, 3 levels left

rFire  . . .     SeeInvis .       - Unarmed
rCold  . . .     Clarity  .     a - +0 animal skin
rNeg   . . .     SustAt   .     (no shield)
rPois  .         Gourm    +     (helmet restricted)
rElec  .         Spirit   .     (no cloak)
rCorr  .         Warding  .     (gloves unavailable)
rMut   .         Stasis   .     (boots unavailable)
MR     .....                    (no amulet)
Stlth  +.........               (no ring)
                                (no ring)

@: not resistant to hostile enchantments, very unstealthy
A: unfitting armour, claws 3, fast metabolism 3, gourmand, regeneration 2,
shaggy fur 1, tough skin 2
a: Burn Spellbooks, Berserk, Trog's Hand, Renounce Religion


You were on level 3 of the Dungeon.
You worshipped Trog.
Trog was pleased with you.
You were very hungry.

You visited 1 branch of the dungeon, and saw 3 of its levels.

You collected 87 gold pieces.

Inventory:

Missiles
 d - 45 stones (quivered)
 n - 9 poisoned needles
Armour
 a - a +0 animal skin (worn)
 c - a +0 ring mail
Scrolls
 e - 3 scrolls of identify {unknown}
 f - 2 scrolls of teleportation {unknown}
 g - a scroll of magic mapping {unknown}
 i - 2 scrolls of random uselessness {unknown}
 j - 2 scrolls of enchant armour {unknown}
 k - a scroll of remove curse {unknown}
Potions
 h - a potion of haste {unknown}
Books
 m - a book of Battle

   Spells                             Type                      Level
   a - Infusion                       Charms                       1
   b - Shroud of Golubria             Charms/Translocation         2
   c - Song of Slaying                Charms                       2
   d - Spectral Weapon                Hexes/Charms                 3
   e - Regeneration                   Charms/Necromancy            3
   Trog disapproves of the use of such an item.
Comestibles
 b - 2 bread rations
 l - a slice of pizza
 o - a chunk of flesh


   Skills:
 + Level 3.3 Fighting
 + Level 0.1 Throwing
 + Level 3.0 Dodging
 + Level 0.2 Stealth
 + Level 3.8 Unarmed Combat


You had 3 spell levels left.
You didn't know any spells.

Dungeon Overview and Level Annotations

Branches:
Dungeon (3/15)

Altars:


Innate Abilities, Weirdness & Mutations

You are too large for most types of armour.
You have claws for hands.
Your metabolism is lightning-fast.
You like to eat raw meat.
You heal very quickly.
You are covered in fur (AC +1).
You have very tough skin (AC +2).


Message History

The black bear claws you.
* * * LOW HITPOINT WARNING * * *
You scratch the black bear.
The black bear is lightly wounded.
The black bear barely misses you. x2
The black bear claws you.
* * * LOW HITPOINT WARNING * * *
The jackal barely misses you.
You barely miss the black bear.
The black bear is lightly wounded.
The jackal bites you but does no damage.
The jackal barely misses you. The black bear bites you.
* * * LOW HITPOINT WARNING * * *
The black bear closely misses you. The black bear misses you.
The jackal bites you but does no damage.
A rat comes into view.
The black bear bites you.
* * * LOW HITPOINT WARNING * * *
The black bear barely misses you. The black bear claws you.
You die...

#...
.##...###
.r......#####
.....≈......#
#...≈≈≈.....#
....≈≈......#
#.#.≈≈hh[...#
.....≈†h@...#
.....########
... .


You could see a black bear, 2 jackals and a rat (wandering).

Vanquished Creatures
  Natasha (D:2)
  2 adders (D:2)
  4 worms (D:2)
  A giant gecko (D:1)
  6 orcs (D:3)
  5 bats
  3 hobgoblins
  7 jackals
  3 kobolds
  A quokka (D:2)
  A ball python (D:1)
  A giant newt (D:2)
  5 goblins
  A rat (D:2)
41 creatures vanquished.

Notes
Turn   | Place    | Note
--------------------------------------------------------------
     0 | D:1      | daawg the Troll Berserker began the quest for the Orb.
     0 | D:1      | Reached XP level 1. HP: 22/22 MP: 0/0
   259 | D:1      | Reached XP level 2. HP: 29/29 MP: 1/1
   900 | D:2      | Reached XP level 3. HP: 32/37 MP: 2/2
  1137 | D:2      | Reached ** piety under Trog
  1140 | D:2      | Noticed Natasha
  1176 | D:2      | Killed Natasha
  1176 | D:2      | Reached XP level 4. HP: 29/45 MP: 3/3
  1311 | D:3      | Noticed a black bear
  1326 | D:3      | HP: 1/45 [black bear (3)]
  1326 | D:3      | Slain by a black bear

Vault maps used:
D:1:      dpeg_arrival_oval
D:2:      kennysheep_generic_room_4, uniq_natasha
D:3:      nicolae_overflow_crystal_walls, portal_sewer_entry_b,
          grunt_decor_clamped, serial_bayou_pond_e, kennysheep_generic_room_16

Action                   |  1- 3 |  4- 6 || total
-------------------------+-------+-------++-------
Melee: Unarmed           |    89 |    25 ||   114
 Fire: Hunting sling     |     1 |       ||     1
Throw: Stone             |     2 |       ||     2
  Eat: Fruit             |     3 |       ||     3
       Bread ration      |     1 |       ||     1
       Chunk             |     1 |       ||     1
